 Dungeon Crawl Stone Soup version 0.16.1-18-g436b03c (webtiles) character file.

611 rnd the Magician (level 7, -3/36 HPs)
             Began as a Deep Elf Fire Elementalist on May 17, 2015.
             Shot with an arrow by a centaur (5 damage)
             ... on level 5 of the Dungeon on May 19, 2015.
             The game lasted 00:56:55 (5035 turns).

rnd the Magician (Deep Elf Fire Elementalist)       Turns: 5035, Time: 00:56:55

Health: -3/36      AC:  2    Str:  5    XL:     7   Next: 20%
Magic:  20/24      EV: 13    Int: 22    God:
Gold:   138        SH:  0    Dex: 15    Spells: 6 memorised, 4 levels left

rFire  . . .     SeeInvis .     (no weapon)
rCold  . . .     Clarity  .     a - +0 robe
rNeg   . . .     SustAb   .     (no shield)
rPois  .         Gourm    .     q - +0 hat
rElec  .         Spirit   .     (no cloak)
rCorr  .         Warding  .     (no gloves)
rMut   .         Stasis   .     (no boots)
MR     .....                    i - amulet of faith
Stlth  ++........               (no ring)
                                (no ring)

@: very slightly contaminated, not resistant to hostile enchantments, unstealthy
A: no striking features
a: no special abilities


You were on level 5 of the Dungeon.
You were not hungry.

You visited 1 branch of the dungeon, and saw 5 of its levels.

You collected 138 gold pieces.

Inventory:

Hand weapons
 v - a +1 falchion of distortion
Armour
 a - a +0 robe (worn)
 q - a +0 hat (worn)
 s - a +0 scale mail
Jewellery
 i - an amulet of faith (around neck)
 r - an uncursed amulet of rage
Magical devices
 p - a wand of cold (8)
 w - a wand of polymorph (9)
 x - a wand of confusion (29)
Scrolls
 d - a scroll of noise
 j - 2 scrolls of magic mapping
 k - a scroll of fog
 m - a scroll of blinking
 n - 3 scrolls of teleportation
Potions
 e - a potion of heal wounds
 g - 4 potions of curing
 l - a potion of restore abilities
 t - a potion of magic
 u - 3 potions of haste
 z - a potion of agility {unknown}
Books
 b - a book of Flames

   Spells                             Type                      Level
   a - Flame Tongue                   Conjuration/Fire             1
   b - Throw Flame                    Conjuration/Fire             2
   c - Conjure Flame                  Conjuration/Fire             3
   d - Inner Flame                    Hexes/Fire                   3
   e - Sticky Flame                   Conjuration/Fire             4
   f - Fireball                       Conjuration/Fire             5
 y - a book of Cantrips

   Spells                             Type                      Level
   a - Corona                         Hexes                        1
   b - Animate Skeleton               Necromancy                   1
   c - Summon Small Mammal            Summoning                    1
   d - Apportation                    Translocation                1
Comestibles
 c - 3 bread rations
 f - 4 meat rations
 h - a beef jerky
 o - a chunk of flesh
 A - a royal jelly


   Skills:
 + Level 0.2 Fighting
 + Level 3.4 Dodging
 + Level 3.0 Stealth
 + Level 6.2 Spellcasting
 + Level 4.4 Conjurations
 + Level 5.7 Fire Magic


You had 4 spell levels left.
You knew the following spells:

 Your Spells              Type           Power        Failure   Level  Hunger
a - Flame Tongue          Conj/Fire      ####.        1%          1    None
b - Throw Flame           Conj/Fire      ####..       1%          2    None
c - Conjure Flame         Conj/Fire      ####....     3%          3    #......
d - Inner Flame           Hex/Fire       ###.....     12%         3    #......
e - Sticky Flame          Conj/Fire      ####....     12%         4    ###....
f - Corona                Hex            #......      10%         1    None


Dungeon Overview and Level Annotations

Branches:
Dungeon (5/15)
 Temple: D:4-7

Altars:
Ashenzari
Qazlal
Ru
Xom
Yredelemnul
The Shining One

Annotations:
D:4 Sigmund


Message History

Aiming: Throw Flame
Press: ? - help, Shift-Dir - straight line, f/p - centaur
Aim: a centaur, wielding a shortbow You miscast Throw Flame.
You are very lightly contaminated with residual magic.
Nothing appears to happen.
The centaur shoots an arrow.
The arrow hits you!
The centaur shoots an arrow.
The arrow completely misses you.
The centaur shoots an arrow.
The arrow closely misses you.
Casting: Throw Flame
Confirm with . or Enter, or press ? or * to list all spells.
Aiming: Throw Flame
Press: ? - help, Shift-Dir - straight line, f/p - centaur
Aim: a centaur, wielding a shortbow The puff of flame misses the centaur.
The centaur shoots an arrow.
The arrow hits you!
* * * LOW HITPOINT WARNING * * *
The centaur shoots an arrow.
The arrow barely misses you.
You see here 4 arrows.
The centaur shoots an arrow.
The arrow hits you.
You die...

#...##....#
#...##....#
#...##..
######.##
#.(c.#.#
#.##.#.#
c.. #.#.#
###. #.#.#
####@#.#
#....#
######


You could see a centaur.

Vanquished Creatures
  Eustachio (D:4)
  A phantom (D:4)
  2 scorpions (D:4)
  A giant frog skeleton (D:4)
  A worker ant (D:5)
  An orc wizard (D:3)
  Ijyb (D:3)
  8 adders
  A shadow imp (D:5)
  2 worms (D:3)
  An ufetubus (D:4)
  6 orcs
  10 bats
  A bat skeleton (D:5)
  11 goblins
  12 hobgoblins
  10 jackals
  A ball python (D:1)
  5 giant cockroaches
  4 giant geckos
  3 giant newts
  14 kobolds
  10 rats
107 creatures vanquished.

Notes
Turn   | Place    | Note
--------------------------------------------------------------
     0 | D:1      | rnd, the Deep Elf Fire Elementalist, began the quest for the Orb.
     0 | D:1      | Reached XP level 1. HP: 10/10 MP: 5/5
   498 | D:1      | Reached XP level 2. HP: 15/15 MP: 4/8
   502 | D:1      | Learned a level 2 spell: Throw Flame
  1273 | D:2      | Reached XP level 3. HP: 19/19 MP: 5/11
  1574 | D:2      | Reached skill level 4 in Spellcasting
  2255 | D:2      | Reached XP level 4. HP: 24/24 MP: 12/15
  2574 | D:3      | Found a sacrificial altar of Ru.
  2595 | D:3      | Learned a level 3 spell: Conjure Flame
  2599 | D:3      | Learned a level 3 spell: Inner Flame
  2645 | D:3      | Reached XP level 5. HP: 28/28 MP: 14/18
  2654 | D:3      | Learned a level 4 spell: Sticky Flame
  2884 | D:3      | Reached skill level 5 in Spellcasting
  2955 | D:3      | Noticed Ijyb
  2969 | D:3      | Killed Ijyb
  3213 | D:4      | Noticed Sigmund
  3740 | D:4      | Noticed Eustachio
  3838 | D:4      | Killed Eustachio
  3838 | D:4      | Reached skill level 5 in Fire Magic
  3838 | D:4      | Reached XP level 6. HP: 32/32 MP: 7/21
  3900 | D:4      | Found a basalt altar of Yredelemnul.
  3912 | D:4      | Found a shattered altar of Ashenzari.
  3913 | D:4      | Found a shimmering altar of Xom.
  3914 | D:4      | Found a stormy altar of Qazlal.
  3916 | D:4      | Found a glowing golden altar of the Shining One.
  4166 | D:4      | Learned a level 1 spell: Corona
  4239 | D:4      | Noticed a phantom
  4258 | D:4      | Killed a phantom
  4258 | D:4      | Reached skill level 6 in Spellcasting
  4258 | D:4      | Reached XP level 7. HP: 27/36 MP: 3/24
  4763 | D:5      | Entered Level 5 of the Dungeon
  4784 | D:5      | Found a basalt altar of Yredelemnul.
  5035 | D:5      | Shot with an arrow by a centaur

Action                   |  1- 3 |  4- 6 |  7- 9 || total
-------------------------+-------+-------+-------++-------
Melee: Unarmed           |     8 |     1 |       ||     9
 Cast: Flame Tongue      |    67 |   110 |    16 ||   193
       Throw Flame       |     5 |    19 |    14 ||    38
       Conjure Flame     |       |     5 |       ||     5
       Sticky Flame      |       |     1 |       ||     1
       Corona            |       |     2 |     2 ||     4
  Use: Scroll            |     4 |     3 |     1 ||     8
       Potion            |     3 |     6 |       ||     9
  Eat: Chunk             |     2 |     8 |       ||    10
       Meat ration       |       |       |     1 ||     1
